 Dungeon Crawl Stone Soup version 0.25-a0-589-g1e14c549ee (webtiles) character file.

Game seed: 18172796497324813610, levelgen mode: deterministic

549 Gynju the Conjurer (level 7, -7/36 HPs)
             Began as a Deep Elf Conjurer on Mar 12, 2020.
             Mangled by an ogre
             ... wielding a +0 giant club
              (15 damage)
             ... on level 4 of the Dungeon.
             The game lasted 00:08:06 (5456 turns).

Gynju the Conjurer (Deep Elf Conjurer)              Turns: 5456, Time: 00:08:07

Health: -7/36      AC:  4    Str:  5    XL:     7   Next: 7%
Magic:  7/16       EV: 11    Int: 22    God:
Gold:   130        SH:  9    Dex: 15    Spells: 13/16 levels left

rFire    . . .     SeeInvis .   s - +5 dagger (drain)
rCold    . . .     Gourm    .   m - +2 kite shield
rNeg     . . .     Faith    .   b - +0 leather armour
rPois    .         Spirit   .   (no helmet)
rElec    .         Reflect  .   (no cloak)
rCorr    .         Harm     .   (no gloves)
MR       .....                  f - +0 pair of boots
Stlth    +++.......             e - amulet of the acrobat
HPRegen  0.12/turn              (no ring)
MPRegen  0.15/turn              (no ring)

@: no status effects
A: no striking features
a: no special abilities


You were on level 4 of the Dungeon.
You were very hungry.

You visited 2 branches of the dungeon, and saw 5 of its levels.

You collected 130 gold pieces.

Inventory:

Hand Weapons
 s - a +5 dagger of draining (weapon)
Missiles
 h - 2 throwing nets (quivered)
Armour
 b - a +0 leather armour (worn)
 f - a +0 pair of boots (worn)
 m - a +2 kite shield (worn)
 t - a +0 buckler
Jewellery
 e - an amulet of the acrobat (around neck)
Scrolls
 a - a scroll of enchant weapon
 d - 3 scrolls of teleportation
 l - a scroll of magic mapping
 p - 2 scrolls of remove curse {@r2}
Potions
 g - a potion of might {unknown}
 j - 2 potions of flight
 k - a potion of stabbing {unknown}
 n - a potion of lignification {unknown}
 o - 2 potions of curing {@q1}
 r - 2 potions of heal wounds {unknown}
Comestibles
 c - 8 rations


   Skills:
 + Level 4.6 Dodging
 + Level 5.0 Stealth
 + Level 2.3 Shields
 + Level 5.3 Spellcasting
 + Level 5.7 Conjurations


You had 13 spell levels left.
You knew the following spells:

 Your Spells              Type           Power        Failure   Level  Hunger
a - Magic Dart            Conj           ####         8%          1    None
b - Searing Ray           Conj           ####..       12%         2    None

Your spell library contained the following spells:

 Spells                   Type           Power        Failure   Level  Hunger
 Dazzling Flash           Conj/Hex       ###...       61%         3    ##.....
 Fulminant Prism          Conj/Hex       ###.......   95%         4    ####...
 Iskenderun's Mystic Bla  Conj/Tloc      ###.....     95%         4    ####...


Dungeon Overview and Level Annotations

Branches:
Dungeon (4/15)             Temple (1/1) D:4

Altars:
Dithmenos
Elyvilon
Gozag
Hepliaklqana
Kikubaaqudgha
Makhleb
Nemelex Xobeh
Okawaru
Qazlal
Ru
Trog
Uskayaw
Wu Jian
Xom
Yredelemnul
The Shining One

Annotations:
D:4 Blork the orc


Message History

Aim: an ogre, wielding a +0 giant club (heavily wounded)
The magic dart hits the ogre but does no damage.
The ogre is heavily wounded.
The ogre barely misses you.
Casting: Magic Dart (safe; 8% risk of failure)
Confirm with . or Enter, or press ? or * to list all spells.
Aiming: Magic Dart (safe; 8% risk of failure)
Press: ? - help, Shift-Dir - straight line, f/p - ogre
Aim: an ogre, wielding a +0 giant club (heavily wounded)
The magic dart hits the ogre.
The ogre is heavily wounded.
Casting: Magic Dart (safe; 8% risk of failure)
Confirm with . or Enter, or press ? or * to list all spells.
Aiming: Magic Dart (safe; 8% risk of failure)
Press: ? - help, Shift-Dir - straight line, f/p - ogre
Aim: an ogre, wielding a +0 giant club (heavily wounded)
The magic dart hits the ogre!
The ogre is almost dead.
The ogre hits you with a +0 giant club!
You die...

....# ....##.
....... .?.....
#### .....
..... ...#
......##...###+
..(...O@.......
...............
...............
###############


You could see an ogre.

Vanquished Creatures
  A necrophage (D:2)
  A hound (D:2)
  2 orc wizards (D:3)
  Jessica (D:3)
  Terence (D:3)
  Natasha (thrice) (D:3)
  7 gnolls
  9 adders
  An ooze (D:2)
  3 worms
  3 dart slugs
  2 leopard geckos (D:2)
  2 orcs
  A ball python (D:3)
  6 giant cockroaches
  6 goblins
  10 hobgoblins
  7 jackals
  9 kobolds
  2 quokkas (D:2)
  5 bats
  6 frilled lizards
  13 rats
101 creatures vanquished.

Notes
Turn   | Place    | Note
-------+----------+-------------------------------------------
     0 | D:1      | Gynju the Deep Elf Conjurer began the quest for the Orb.
     0 | D:1      | Reached XP level 1. HP: 10/10 MP: 6/6
   172 | D:1      | Reached XP level 2. HP: 15/15 MP: 1/8
   670 | D:2      | Found an iron altar of Okawaru.
   798 | D:2      | Noticed a necrophage
   930 | D:2      | Reached XP level 3. HP: 19/19 MP: 8/10
  1233 | D:2      | Found a burning altar of Makhleb.
  1296 | D:2      | Found a hazy altar of Hepliaklqana.
  1304 | D:2      | Reached XP level 4. HP: 24/24 MP: 5/11
  1497 | D:2      | Found an ancient bone altar of Kikubaaqudgha.
  1592 | D:2      | Reached skill level 1 in Shields
  1618 | D:2      | Found a sacrificial altar of Ru.
  1735 | D:2      | Reached skill level 5 in Conjurations
  1893 | D:2      | Learned a level 2 spell: Searing Ray
  2039 | D:2      | Reached XP level 5. HP: 28/28 MP: 9/13
  2281 | D:2      | Found a white marble altar of Elyvilon.
  2338 | D:2      | Found a basalt altar of Yredelemnul.
  2377 | D:2      | Killed a necrophage
  2446 | D:2      | Found a hide-covered altar of Uskayaw.
  2710 | D:3      | Noticed Jessica
  2714 | D:3      | Killed Jessica
  2714 | D:3      | Reached XP level 6. HP: 32/32 MP: 10/15
  3218 | D:3      | Noticed Natasha
  3223 | D:3      | Killed Natasha
  3527 | D:3      | Reached skill level 5 in Spellcasting
  3698 | D:3      | Noticed Terence
  3704 | D:3      | Killed Terence
  3854 | D:3      | Noticed Natasha
  3862 | D:3      | Killed Natasha
  4156 | D:4      | Noticed Blork the orc
  4198 | D:3      | Reached skill level 5 in Stealth
  4201 | D:3      | Reached XP level 7. HP: 17/36 MP: 7/16
  4356 | D:4      | Found a staircase to the Ecumenical Temple.
  4365 | Temple   | Entered the Ecumenical Temple
  4699 | D:3      | Noticed Natasha
  4703 | D:3      | Killed Natasha
  5456 | D:4      | Mangled by an ogre

Levels and vault maps discovered:
D:1:      dpeg_arrival_rooms_b, layout_rooms
D:2:      minmay_razor_zed, layout_basic, kennysheep_ying_yang,
          kiku_gazebo_pond_becter, nicolae_ru_awakened_eye,
          okawaru_ov_weapons_minmay, nicolae_overflow_hidden_temple,
          makhleb_blood_cavern_becter
D:3:      minmay_skewed_foursquare, layout_basic, first_ration, uniq_terence,
          uniq_jessica, uniq_natasha
D:4:      layout_gridville, fedhas_bush_and_centaur_altar,
          minmay_temple_entry_purple_smoke, uniq_blork_the_orc
Temple:   jpeg_temple_island

Skill      XL: |  1  2  3  4  5  6 |
---------------+-------------------+-----
Stealth        | 3 4 5 |  5.0
Dodging        | 3 4 |  4.6
Shields        | 1 2 |  2.3
Spellcasting   | 4 5 |  5.3
Conjurations   | 5 |  5.7

Action                   |  1- 3 |  4- 6 |  7- 9 || total
-------------------------+-------+-------+-------++-------
Melee: Dagger            |       |     1 |     1 ||     2
 Cast: Magic Dart        |    80 |   184 |    24 ||   288
  Use: Scroll            |       |     9 |       ||     9
  Eat: Chunk             |     1 |     8 |       ||     9
       Ration            |       |       |     1 ||     1
Armor: Leather armour    |     1 |     6 |     3 ||    10
       Robe              |     1 |       |       ||     1
Dodge: Dodged            |    11 |    14 |     3 ||    28
Block: Buckler           |       |     3 |       ||     3
       Kite shield       |       |     6 |     6 ||    12

Table legend:
 A = Non-vault XP
 B = Vault XP
 C = Vault XP percentage of total XP
 D = Non-vault monster count
 E = Vault monster count
 F = Vault count percentage of total count
                 A         B        C        D         E       F
            +---------+---------+-------+---------+---------+-------
      Total |     556 |     229 |  29.2 |      79 |      22 |  21.8
            +---------+---------+-------+---------+---------+-------
        D:1 |      27 |       0 |   0.0 |      13 |       0 |   0.0
        D:2 |     219 |     102 |  31.8 |      32 |      16 |  33.3
        D:3 |     310 |     127 |  29.1 |      34 |       6 |  15.0
            +---------+---------+-------+---------+---------+-------
